 Dungeon Crawl Stone Soup version 0.20-a0-544-g2b9a704 (webtiles) character file.

302 Krillik the Skirmisher (level 6, -3/56 HPs)
             Began as a Draconian Wanderer on Jan 31, 2017.
             Slain by a worker ant (6 damage)
             ... on level 4 of the Dungeon.
             The game lasted 00:18:52 (2496 turns).

Krillik the Skirmisher (Draconian Wanderer)         Turns: 2496, Time: 00:18:52

Health: -3/56      AC:  6    Str: 14    XL:     6   Next: 14%
Magic:  6/6        EV: 13    Int: 11    God:
Gold:   157        SH:  0    Dex: 14    Spells: 5/5 levels left

rFire    . . .     SeeInvis .   a - +2 quarterstaff
rCold    . . .     Gourm    .   (armour unavailable)
rNeg     . . .     Faith    .   (shield currently unavailable)
rPois    .         Spirit   .   (helmet restricted)
rElec    .         Reflect  .   (no cloak)
rCorr    .         Harm     .   (no gloves)
MR       .....                  (no boots)
Stlth    ++........             (no amulet)
Regen    0.2/turn               (no ring)
                                (no ring)

@: flying
A: unfitting armour, cold-blooded, AC +6
a: no special abilities


You were on level 4 of the Dungeon.
You were not hungry.

You visited 1 branch of the dungeon, and saw 4 of its levels.
You also visited: Sewer.

You collected 157 gold pieces.

Inventory:

Hand Weapons
 a - a +2 quarterstaff (weapon)
 f - a +0 club
 g - a +0 short sword
 i - a +0 dagger
 j - a +0 club
 x - a +0 dagger
 C - a +0 spear
Missiles
 e - 10 bolts
 D - 11 poisoned needles (quivered)
 I - 14 sling bullets
 J - 19 stones
Armour
 v - a +0 robe
 y - a cursed +0 chain mail
 G - a +0 helmet
 H - a +0 ring mail
Jewellery
 h - a +4 ring of strength {unknown}
 m - an uncursed amulet of regeneration {unknown}
Scrolls
 b - 3 scrolls of teleportation
 l - a scroll of fog {unknown}
 o - 5 scrolls of identify {unknown}
 p - a scroll of remove curse {unknown}
 q - a scroll of fear {unknown}
 u - a scroll of enchant armour {unknown}
 B - 2 scrolls of recharging {unknown}
Potions
 k - a potion of berserk rage {unknown}
 n - 3 potions of flight
 r - 5 potions of degeneration {unknown}
 t - a potion of might {unknown}
 w - a potion of beneficial mutation {unknown}
 z - 2 potions of heal wounds {unknown}
 A - a potion of resistance {unknown}
 E - a potion of lignification {unknown}
Comestibles
 d - a bread ration
 s - 2 meat rations


   Skills:
 + Level 5.6 Fighting
 + Level 4.4 Staves
 + Level 3.1 Dodging
 + Level 2.1 Stealth
   Level 1.0 Evocations


You had 5 spell levels left.
You didn't know any spells.

Dungeon Overview and Level Annotations

Branches:
Dungeon (4/15)
 Temple: D:4-7

Altars:

Annotations:
D:3 Natasha
D:4 Pikel


Innate Abilities, Weirdness & Mutations

Your plain brown scales are hard. (AC +6)
You cannot fit into any form of body armour.
You are cold-blooded and may be slowed by cold attacks.


Message History

The worker ant is moderately wounded.
The orc hits you from afar with a trident.
* * * LOW HITPOINT WARNING * * *
The worker ant misses you.
An orc wizard comes into view. It is wielding a dagger.
You closely miss the worker ant.
The worker ant is moderately wounded.
The orc hits you from afar with a trident.
* * * LOW HITPOINT WARNING * * *
The worker ant bites you but does no damage.
You thump the worker ant!
The worker ant is almost dead.
The worker ant bites you.
* * * LOW HITPOINT WARNING * * *
The orc closely misses you.
The worker ant bites you but does no damage.
The worker ant barely misses you.
The worker ant bites you but does no damage.
The worker ant bites you.
You die...

.. #. #. #. # #. .# . #.
########.#
..##.######...o....##
..............oa@...#
....................#
........................
......................##
......................#
...
......................#
....
......?.............#.#
...
....................#.#
... ................ #
#.##


You could see a worker ant, an orc wizard and an orc.

Vanquished Creatures
  An ogre (D:4)
  A crocodile (Sewer)
  A hound (D:3)
  A worker ant (D:4)
  2 adders (D:2)
  2 worms (D:2)
  4 dart slugs
  6 leopard geckos
  4 giant cockroaches
  9 hobgoblins
  2 jackals (Sewer)
  9 kobolds
  2 ball pythons
  4 bats
  2 frilled lizards
  5 goblins
  8 rats
63 creatures vanquished.

Notes
Turn   | Place    | Note
-------+----------+-------------------------------------------
     0 | D:1      | Krillik the Draconian Wanderer began the quest for the Orb.
     0 | D:1      | Krillik set off with: a +2 quarterstaff, a scroll of teleportation, a potion of curing, a bread ration
     0 | D:1      | Reached XP level 1. HP: 22/22 MP: 1/1
    82 | D:1      | Reached XP level 2. HP: 21/28 MP: 2/2
   236 | D:1      | Reached skill level 5 in Fighting
   426 | D:1      | Upgraded the game from 0.20-a0-540-ge6d1839 to 0.20-a0-544-g2b9a704
   613 | D:1      | Reached XP level 3. HP: 36/36 MP: 3/3
   868 | D:1      | You fall through a shaft!
  1265 | D:2      | Reached XP level 4. HP: 35/42 MP: 4/4
  1691 | D:3      | Found a glowing drain.
  1714 | Sewer    | Entered a sewer
  1780 | Sewer    | Noticed a crocodile
  1796 | Sewer    | Killed a crocodile
  1796 | Sewer    | Reached XP level 5. HP: 5/48 MP: 5/5
  2027 | D:3      | Noticed Natasha
  2055 | D:4      | Noticed an ogre
  2071 | D:4      | Killed an ogre
  2071 | D:4      | Reached XP level 6. HP: 16/56 MP: 6/6
  2076 | D:4      | HP: 2/56 [poisoned by a worker ant]
  2406 | D:4      | Noticed Pikel
  2406 | D:4      | Noticed a slave
  2406 | D:4      | Noticed a slave
  2409 | D:4      | Noticed a slave
  2409 | D:4      | Noticed a slave
  2430 | D:4      | HP: 2/56 [slave[Pikel] (3)]
  2485 | D:4      | HP: 1/56 [worker ant (5)]
  2496 | D:4      | Slain by a worker ant

Vault maps used:
D:1:      minmay_arrival_five_plusses, minmay_misc_feat_x, minmay_pentomino_r2
D:3:      portal_sewer_entry_b, kennysheep_pointless_box, kennysheep_path_1,
          uniq_natasha
D:4:      first_bread, uniq_duvessa, uniq_pikel
Sewer:    sewer_the_crocodile

Skill      XL: |  1  2  3  4  5 |
---------------+----------------+-----
Fighting       | 5 |  5.6
Dodging        | 2 3 |  3.1
Staves         | 4 |  4.4
Stealth        | 2 |  2.1
Evocations     | |  1.0

Action                   |  1- 3 |  4- 6 || total
-------------------------+-------+-------++-------
Melee: Quarterstaff      |    98 |    82 ||   180
       Tailslap          |     5 |    12 ||    17
  Use: Potion            |       |     3 ||     3
       Scroll            |       |     1 ||     1
 Stab: Sleeping          |     2 |     1 ||     3
  Eat: Meat ration       |     1 |       ||     1
       Royal jelly       |       |     1 ||     1
Armor: Skin              |    42 |    33 ||    75
Dodge: Dodged            |    79 |    93 ||   172
